 Dungeon Sprint DCSS version 0.22.1-1-ga44c0e56f4 (webtiles) character file.

1822 MuseOD the Unseen (level 8, -42/41 (43) HPs)
             Began as a Spriggan Enchanter on Sept 22, 2018.
             Was an Initiate of Dithmenos.
             Killed from afar by a crystal guardian (58 damage)
             ... with a crystal bolt
             ... in the Dungeon (Sprint II: "The Violet Keep of Menkaure").
             The game lasted 00:01:26 (473 turns).

MuseOD the Unseen (Spriggan Enchanter)               Turns: 473, Time: 00:01:27

HP:   -42/41 (43)   AC:  2    Str:  4    XL:     8   Next: 85%
MP:   19/24         EV: 18    Int: 19    God:    Dithmenos [......]
Gold: 567           SH:  0    Dex: 16    Spells: 20/29 levels left

rFire    . . .     SeeInvis +   a - +1 dagger
rCold    . . .     Gourm    .   (shield restricted)
rNeg     . . .     Faith    .   b - +0 robe
rPois    .         Spirit   .   (helmet restricted)
rElec    .         Reflect  .   (no cloak)
rCorr    .         Harm     .   (gloves unavailable)
MR       +....     NoTele   +   (boots unavailable)
Stlth    ++++++....             (no amulet)
HPRegen  0.13/turn              (no ring)
MPRegen  0.19/turn              (no ring)

@: very quick
A: very small, unfitting armour, see invisible, herbivore, speed 3, slow
metabolism 2
a: Renounce Religion


You were in the Dungeon.
You worshipped Dithmenos.
Dithmenos was noncommittal.
You were not hungry.

You visited 1 branch You collected 567 gold pieces.

Inventory:

Hand Weapons
 a - a +1 dagger (weapon)
Armour
 b - a +0 robe (worn)
Scrolls
 j - a scroll of blinking
Potions
 e - a potion of curing
 h - 2 potions of magic
Comestibles
 d - a ration


   Skills:
 - Level 5.0 Fighting
 - Level 9.6 Short Blades
 - Level 3.0 Dodging
 + Level 16.3 Stealth
 + Level 11.1 Spellcasting
 + Level 11.3 Hexes


You had 20 spell levels left.
You knew the following spells:

 Your Spells              Type           Power        Failure   Level  Hunger
a - Corona                Hex            ######.      1%          1    None
b - Ensorcelled Hibernat  Hex/Ice        ####..       1%          2    None
c - Confuse               Hex            ######..     1%          3    None
d - Dazzling Spray        Conj/Hex       ####..       1%          3    None

Your spell library contained the following spells:

 Spells                   Type           Power        Failure   Level  Hunger
 Tukima's Dance           Hex            ######..     1%          3    None


Dungeon Overview and Level Annotations

Branches:
Dungeon (1/1)

Altars:
Cheibriados
Dithmenos
Elyvilon
Fedhas
Gozag
Hepliaklqana
Kikubaaqudgha
Makhleb
Nemelex Xobeh
Okawaru
Qazlal
Ru
Sif Muna
Trog
Uskayaw
Vehumet
Wu Jian
Xom
Yredelemnul
Zin
The Shining One
Beogh
Jiyva
Lugonu


Innate Abilities, Weirdness & Mutations

You are very small and have problems with some larger weapons.
You are too small for most types of armour.
You have supernaturally acute eyesight. (SInv)
You are a herbivore.
You cover ground extremely quickly.
You need to consume almost no food.


Message History

Aiming: Confuse (safe; 1% risk of failure)
Press: ? - help, Shift-Dir - straight line, f/p - swamp drake
Aim: a swamp drake (confused, entangled in a net, chance to defeat MR: 73%)
The swamp drake appears confused.
The swamp drake struggles against the net.
The swamp drake moves out of view.
A death drake comes into view.
Casting: Confuse (safe; 1% risk of failure)
Confirm with . or Enter, or press ? or * to list all spells.
Aiming: Confuse (safe; 1% risk of failure)
Press: ? - help, Shift-Dir - straight line, f/p - swamp drake
Aim: a swamp drake (confused, entangled in a net, chance to defeat MR: 73%)
Okay, then.
An arrow shoots out and hits you!
The swamp drake struggles against the net.
There is an arrow trap here.
The crystal guardian fires a crystalline bolt at you.
The crystal bolt freezes you!
Ouch! That really hurt!
You die... .... ... ## .. .. .# ## ##.. #. k# #. .##.#### +.##k# ..#..# ...# #.k8#### #÷÷.####..## ##^.##)# $!!)(

##'###.##..# +.^#..#▓$$[)[?
##÷##...#..# #.@#.†#▓)?)!?)!
+.<.†###'..####..##.#▓$!)$[$$
##.##...#....###...##▓▓▓▓▓▓▓+
#+###.##......≈≈≈≈≈≈≈≈≈≈≈≈≈
###≈≈...†.≈#'########+##
#≈≈≈≈≈≈≈.§§#.._.....#t§§
#≈≈≈≈≈≈§≈.≈#._._....#≈§≈
#≈≈≈≈≈§≈§≈≈≈#_._._...#t§§
≈≈≈§≈≈§§≈≈≈§#._._._..#§§§


You could see 2 death drakes, a crystal guardian and a swamp drake (caught).

Vanquished Creatures
  A yaktaur (D)
  3 polar bears (D)
  2 tyrant leeches (D)
  A hornet (D)
  4 necrophages (D)
11 creatures vanquished.

Vanquished Creatures (others)
  A crocodile (D)
1 creature vanquished.

Grand Total: 12 creatures vanquished

Notes
Turn   | Place    | Note
-------+----------+-------------------------------------------
     0 | D        | MuseOD the Spriggan Enchanter began the quest for the Orb.
     0 | D        | Reached XP level 1. HP: 9/9 MP: 5/5
     1 | D        | Noticed a tyrant leech
     1 | D        | Noticed a tyrant leech
     4 | D        | Noticed a necrophage
     4 | D        | Noticed a necrophage
     4 | D        | Noticed a necrophage
     4 | D        | Noticed a necrophage
    10 | D        | Killed a necrophage
    10 | D        | Reached skill level 8 in Stealth
    10 | D        | Reached XP level 2. HP: 11/16 MP: 6/6
    10 | D        | Reached XP level 3. HP: 14/20 MP: 8/8
    10 | D        | Reached XP level 4. HP: 17/24 MP: 9/9
    14 | D        | Killed a necrophage
    14 | D        | Reached skill level 9 in Stealth
    14 | D        | Reached XP level 5. HP: 21/30 MP: 10/10
    19 | D        | Killed a necrophage
    19 | D        | Reached skill level 5 in Fighting
    19 | D        | Reached skill level 10 in Stealth
    55 | D        | Killed a necrophage
    55 | D        | Reached skill level 11 in Stealth
    55 | D        | Reached skill level 5 in Hexes
    55 | D        | Reached XP level 6. HP: 7/33 MP: 10/13
    59 | D        | Learned a level 2 spell: Ensorcelled Hibernation
    63 | D        | Learned a level 3 spell: Confuse
    67 | D        | Learned a level 3 spell: Dazzling Spray
   302 | D        | Killed a tyrant leech
   302 | D        | Reached skill level 12 in Stealth
   302 | D        | Reached XP level 7. HP: 37/37 MP: 7/17
   304 | D        | Killed a tyrant leech
   304 | D        | Reached skill level 13 in Stealth
   313 | D        | Found a stormy altar of Qazlal.
   314 | D        | Found a hazy altar of Hepliaklqana.
   314 | D        | Found a sacrificial altar of Ru.
   314 | D        | Found an ornate altar of the Wu Jian Council.
   315 | D        | Found a roughly hewn altar of Beogh.
   315 | D        | Found a viscous altar of Jiyva.
   315 | D        | Found a deep blue altar of Sif Muna.
   315 | D        | Found a shimmering altar of Xom.
   316 | D        | Found a snail-covered altar of Cheibriados.
   316 | D        | Found an ancient bone altar of Kikubaaqudgha.
   316 | D        | Found a bloodstained altar of Trog.
   317 | D        | Found a shadowy altar of Dithmenos.
   317 | D        | Found a corrupted altar of Lugonu.
   318 | D        | Found a white marble altar of Elyvilon.
   318 | D        | Found a burning altar of Makhleb.
   319 | D        | Found a blossoming altar of Fedhas.
   321 | D        | Noticed a yaktaur
   321 | D        | Noticed a hornet
   321 | D        | Noticed a polar bear
   322 | D        | Noticed a polar bear
   322 | D        | Noticed a polar bear
   323 | D        | Killed a polar bear
   323 | D        | Reached skill level 14 in Stealth
   324 | D        | Killed a polar bear
   324 | D        | Reached XP level 8. HP: 41/41 MP: 7/22
   326 | D        | Killed a hornet
   326 | D        | Reached skill level 15 in Stealth
   326 | D        | Reached skill level 10 in Spellcasting
   326 | D        | Reached skill level 10 in Hexes
   328 | D        | Killed a yaktaur
   328 | D        | Reached skill level 16 in Stealth
   346 | D        | Killed a polar bear
   354 | D        | Found an opulent altar of Gozag.
   358 | D        | Found a glowing golden altar of the Shining One.
   358 | D        | Found a basalt altar of Yredelemnul.
   358 | D        | Found a hide-covered altar of Uskayaw.
   358 | D        | Found a sparkling altar of Nemelex Xobeh.
   359 | D        | Found a glowing silver altar of Zin.
   359 | D        | Found a radiant altar of Vehumet.
   359 | D        | Found an iron altar of Okawaru.
   364 | D        | Became a worshipper of Dithmenos the Shadowed
   460 | D        | Noticed a death drake
   469 | D        | Noticed a crystal guardian
   471 | D        | Noticed a death drake
   473 | D        | Killed from afar by a crystal guardian

Skill      XL: |  1  2  3  4  5  6  7  8 |
---------------+-------------------------+-----
Fighting       | 3 4 5 |  5.0
Short Blades   | 6 8 9 |  9.6
Stealth        | 8 9 11 12 14 16 | 16.3
Spellcasting   | 4 6 9 11 | 11.1
Hexes          | 5 7 9 11 | 11.3
Dodging        | |  3.0

Action                   |  1- 3 |  4- 6 |  7- 9 || total
-------------------------+-------+-------+-------++-------
Melee: Dagger            |     5 |    42 |    21 ||    68
 Cast: Ensorcelled Hiber |       |     3 |     3 ||     6
       Confuse           |       |       |     3 ||     3
  Use: Potion            |     1 |     2 |       ||     3
 Stab: Sleeping          |       |     1 |     5 ||     6
       Confused          |       |       |     2 ||     2
Armor: Robe              |       |       |     2 ||     2
Dodge: Dodged            |     2 |    16 |     8 ||    26
